 Dungeon Crawl Stone Soup version 0.25-a0-861-g340c9e8194 (webtiles) character file.

Game seed: 1609196858764135201, levelgen mode: deterministic

267013 bmfx the Unseen (level 20, -7/123 HPs)
             Began as a Halfling Necromancer on Apr 28, 2020.
             Was the Champion of Ru.
             Mangled by a skeletal warrior
             ... wielding a +0 halberd
              (13 damage)
             ... while paralysed by a great orb of eyes
             ... on level 2 of the Vaults on Apr 29, 2020.
             The game lasted 02:51:52 (60639 turns).

bmfx the Unseen (Halfling Necromancer)             Turns: 60639, Time: 02:51:52

Health: -7/123     AC: 15    Str:  5    XL:     20   Next: 95%
Magic:  20/28      EV:  3    Int: 24    God:    Ru [******]
Gold:   1404       SH:  0    Dex: 23    Spells: 19/35 levels left

rFire    . . .     SeeInvis +   a - +5 short sword of Turmoil {elec, +Blink +Inv Str-4 SInv}
rCold    + . .     Gourm    .   P - +2 kite shield {AC+3}
rNeg     . . .     Faith    .   K - +2 robe {rC+}
rPois    .         Spirit   .   l - +2 helmet
rElec    .         Reflect  .   j - +2 cloak {MR+}
rCorr    .         Harm     .   I - +0 pair of gloves
MR       ++...                  m - +0 pair of boots
Stlth    +++++++...             M - amulet "Biarujed" {+Blink Regen+ Int+6}
HPRegen  0.70/turn              v - +4 ring of dexterity
MPRegen  0.21/turn              o - +3 ring of evasion

@: paralysed, exhausted, marked, slightly contaminated, drained
A: small, frail 1, low mp 1, mutation resistance 1, screaming 1, unskilled 1,
inexperienced 1
}: 2/15 runes: decaying, serpentine
a: Draw Out Power, Power Leap, Apocalypse, Renounce Religion, Evoke Blink, Evoke
Invisibility


You were on level 2 of the Vaults.
You worshipped Ru.
Ru was exalted by your worship.
You were not hungry.

You visited 6 branches of the dungeon, and saw 33 of its levels.
You also visited: Ice Cave and Volcano.

You collected 3454 gold pieces.
You spent 2050 gold pieces at shops.


Innate Abilities, Weirdness & Mutations

You are small and have problems with some larger weapons.
You are frail. (-10% HP)
Your magical capacity is low. (-10% MP)
You are somewhat resistant to further mutation.
You occasionally shout uncontrollably at your foes.
You are somewhat unskilled. (-1 Apt)
You are somewhat inexperienced. (-2 XL)

Dungeon Overview and Level Annotations

Branches:
Dungeon (15/15)            Temple (0/1) D:7            Lair (6/6) D:8
  Swamp (4/4) Lair:3        Snake (4/4) Lair:3        Slime (0/5) Lair:5
    Orc (2/2) D:9             Elf (0/3) Orc:2        Vaults (2/5) D:14
 Depths (0/5) D:15          IceCv (visited)         Volcano (visited)
  Crypt: Vaults:2-3

Altars:
Ashenzari
Dithmenos
Elyvilon
Fedhas
Hepliaklqana
Makhleb
Nemelex Xobeh
Qazlal
Ru
Trog
Uskayaw
Vehumet
Wu Jian
Yredelemnul
Zin
Beogh
Jiyva

Shops:
D:8 (*   D:14 !   Orc:1 }   Orc:2 *[%:(   Snake:3 !!?%

Portals:
Hell: Lair:6

Annotations:
Snake:2 2 transporters, Venturno's ghost, adept DEWz


   Skills:
 - Level 12.0(11.0) Fighting
 - Level 10.0(9.0) Short Blades
 - Level 14.0(12.9) Slings
 - Level 12.0(11.0) Dodging
 - Level 16.6(15.5) Stealth
 - Level 12.0(11.0) Shields
 - Level 8.0(7.1) Spellcasting
 + Level 8.2(7.3) Hexes
 - Level 5.4(4.6) Necromancy
 - Level 6.0(5.1) Translocations
 - Level 10.0(9.0) Evocations


You had 19 spell levels left.
You knew the following spells:

 Your Spells              Type           Power        Failure   Level  Hunger
a - Apportation           Tloc           ####..       2%          1    None
i - Invisibility          Hex            #####...     80%         6    ######.
A - Silence               Hex/Air        ####......   73%         5    #####..
B - Vampiric Draining     Necr           ####......   9%          3    None
C - Animate Skeleton      Necr           N/A          2%          1    None

Your spell library contained the following spells:

 Spells                   Type           Power        Failure   Level  Hunger
 Corona                   Hex            #####..      1%          1    None
 Pain                     Necr           ####         2%          1    None
 Tukima's Dance           Hex            #####...     2%          3    None
 Lesser Beckoning         Tloc           ####......   6%          3    None
 Cause Fear               Hex            #####.....   9%          4    ###....
 Sting                    Tmut/Pois      #...         19%         1    None
 Summon Butterflies       Summ           #.......     19%         1    None
 Summon Small Mammal      Summ           #...         19%         1    None
 Poisonous Vapours        Pois/Air       #.....       26%         2    None
 Animate Dead             Necr           N/A          26%         4    ###....
 Ignite Poison            Fire/Tmut/Pois #.......     47%         3    None
 Mephitic Cloud           Conj/Pois/Air  #.......     47%         3    None
 Agony                    Necr           ####....     58%         5    #####..
 Metabolic Englaciation   Hex/Ice        ####......   73%         5    #####..
 Yara's Violent Unravell  Hex/Tmut       ####......   73%         5    #####..
 Ice Form                 Ice/Tmut       #.......     87%         4    ###....
 Olgreb's Toxic Radiance  Pois           #.......     87%         4    ###....
 Alistair's Intoxication  Tmut/Pois      #.......     99%         5    #####..
 Irradiate                Conj/Tmut      #.........   99%         5    #####..
 Freezing Cloud           Conj/Ice/Air   #.........   100%        6    ######.
 Hydra Form               Tmut           #.........   100%        6    ######.
 Ozocubu's Refrigeration  Ice            #.........   100%        6    ######.
 Simulacrum               Ice/Necr       ###.......   100%        6    ######.
 Statue Form              Tmut/Erth      #........    100%        6    ######.
 Dragon Form              Tmut           #.........   100%        7    #######
 Discord                  Hex            #####.....   100%        8    #######

Action                   |  1- 3 |  4- 6 |  7- 9 | 10-12 | 13-15 | 16-18 | 19-21 || total
-------------------------+-------+-------+-------+-------+-------+-------+-------++-------
Melee: Short sword       |    22 |    20 |     2 |   550 |  1165 |  1580 |   951 ||  4290
       Hunting sling     |       |     3 |       |       |       |       |       ||     3
       Flail             |       |     7 |   175 |   107 |       |       |       ||   289
       Dagger            |       |       |    23 |       |       |       |       ||    23
 Fire: Hunting sling     |       |   342 |   319 |    82 |    56 |   142 |   124 ||  1065
Throw: Stone             |     9 |       |       |       |     1 |       |       ||    10
       Dart              |       |       |    68 |    84 |   165 |    66 |    20 ||   403
       Throwing net      |       |       |       |       |     4 |       |       ||     4
 Cast: Pain              |    70 |    13 |     1 |       |       |       |       ||    84
       Vampiric Draining |       |     8 |    30 |    19 |       |       |       ||    57
       Animate Skeleton  |       |     1 |     1 |       |       |       |       ||     2
       Apportation       |       |       |       |       |       |     1 |       ||     1
Invok: Sacrifice Experie |       |       |     1 |       |       |       |       ||     1
       Reject Sacrifices |       |       |       |     1 |     1 |     1 |       ||     3
       Sacrifice Purity  |       |       |       |       |     1 |       |       ||     1
       Apocalypse        |       |       |       |       |     4 |    11 |     5 ||    20
       Power Leap        |       |       |       |       |     3 |    17 |     7 ||    27
       Draw Out Power    |       |       |       |       |     1 |     2 |     2 ||     5
       Sacrifice Health  |       |       |       |       |     1 |       |       ||     1
       Sacrifice Skill   |       |       |       |       |     1 |       |       ||     1
       Sacrifice Essence |       |       |       |       |       |     1 |       ||     1
 Abil: Evoke Invisibilit |       |       |       |    16 |    33 |    39 |    23 ||   111
       Evoke Blink       |       |       |       |       |     2 |     2 |     5 ||     9
Evoke: Wand              |       |    12 |    27 |     6 |    32 |    73 |    54 ||   204
       Lightning rod     |       |       |       |       |       |    16 |    20 ||    36
       Box of beasts     |       |       |       |       |       |       |     1 ||     1
  Use: Scroll            |       |     7 |     7 |     6 |    14 |     6 |       ||    40
       Potion            |       |     1 |     2 |       |     6 |     6 |     2 ||    17
 Stab: Sleeping          |     1 |       |     1 |    27 |    36 |    31 |    21 ||   117
       Paralysed         |       |       |    12 |     3 |    10 |    11 |    13 ||    49
       Invisible         |       |       |     5 |    33 |    79 |   114 |    83 ||   314
       Distracted        |       |       |       |     5 |     6 |    16 |     6 ||    33
       Confused          |       |       |       |       |       |     1 |       ||     1
       Betrayed ally     |       |       |       |       |       |       |     2 ||     2
  Eat: Chunk             |     7 |    15 |    19 |    30 |    33 |    27 |    14 ||   145
       Ration            |       |     1 |     3 |     1 |     6 |    14 |     6 ||    31
Armor: Robe              |     9 |    21 |    57 |    62 |    86 |   117 |    41 ||   393
Dodge: Dodged            |    38 |   113 |   273 |   588 |   535 |   732 |   322 ||  2601
Block: Kite shield       |       |       |       |       |   302 |   668 |   320 ||  1290

Skill      XL: |  1  2  3  4  5  6  7  8  9 10 11 12 13 14 15 16 17 18 19 20 |
---------------+-------------------------------------------------------------+-----
Short Blades   | 1 2 4 8 10 10 | 10.0
Stealth        | 3 4 6 7 10 11 12 15 16 | 16.6
Slings         | 1 3 4 6 5 8 7 13 14 | 14.0
Necromancy     | 4 6 5 |  5.4
Fighting       | 2 3 5 6 7 10 9 12 | 12.0
Evocations     | 3 5 6 7 8 9 10 | 10.0
Dodging        | 4 6 8 9 11 10 12 | 12.0
Shields        | 1 6 12 | 12.0
Translocations | 5 6 |  6.0
Spellcasting   | 2 4 6 8 |  8.0
Hexes          | 4 5 8 |  8.2

Inventory:

Hand Weapons
 a - the +5 short sword of Turmoil (weapon) {elec, +Blink +Inv Str-4 SInv}
   (You bought it in a shop on level 8 of the Dungeon)

   Occasionally, upon striking a foe, it will discharge some electrical energy
   and cause terrible harm.
   It affects your strength (-4).
   It lets you see invisible.
   It lets you turn invisible.
   It lets you blink.
 w - a +1 hunting sling of flaming
Missiles
 d - 1021 stones
 i - 299 sling bullets
 t - 4 throwing nets {!f}
 A - 51 poisoned darts (quivered)
 G - 7 curare-tipped darts
Armour
 j - a +2 cloak of magic resistance (worn)
 l - a +2 helmet (worn)
 m - a +0 pair of boots (worn)
 I - a +0 pair of gloves (worn)
 K - a +2 robe of cold resistance (worn)
 P - a +2 kite shield of protection (worn)
Jewellery
 f - the ring of Mytinon {Ice MR+}
   (You found it in an ice cave)

   [ring of ice]

   It enhances your ice magic.
   It makes you vulnerable to fire.
   It protects you from cold.
   It affects your resistance to hostile enchantments.
 k - an uncursed ring of protection from cold
 o - a +3 ring of evasion (right hand)
 p - an uncursed ring of poison resistance
 v - a +4 ring of dexterity (left hand)
 B - an uncursed ring of resist corrosion
 C - an uncursed amulet of guardian spirit
 M - the amulet "Biarujed" (around neck) {+Blink Regen+ Int+6}
   (You found it on level 2 of the Snake Pit)

   [amulet of regeneration]

   It affects your intelligence (+6).
   It lets you blink.
   It increases your rate of regeneration.
 S - an uncursed ring of flight
Wands
 z - a wand of paralysis (16)
 N - a wand of digging (8)
 Q - a wand of clouds (2)
 T - a wand of acid (7)
 X - a wand of polymorph (1)
 Z - a wand of enslavement (9)
Scrolls
 n - 6 scrolls of fog
 q - 3 scrolls of blinking {@r2}
 y - a scroll of brand weapon
 D - 14 scrolls of remove curse {@r4}
 H - 15 scrolls of teleportation {@r1}
 L - 5 scrolls of enchant weapon
 O - 13 scrolls of identify {@r3}
 R - 4 scrolls of magic mapping
 V - a scroll of enchant armour
Potions
 b - 11 potions of haste {@q4}
 e - a potion of cancellation
 h - 11 potions of curing {@q2}
 r - 9 potions of brilliance
 s - 6 potions of magic
 u - 6 potions of flight
 x - 5 potions of stabbing
 E - 4 potions of invisibility
 F - 9 potions of heal wounds {@q1}
 U - 2 potions of might
Miscellaneous
 W - 2 boxes of beasts
 Y - a lightning rod (3/4)
Comestibles
 c - 41 rations

#...#..#..#......#
#......#..#......#
#.(...############
#####+#####
#.....[...#######
#....#.(..#.z...c
#..#ยง).#.)cc#
#...))(...#)#
.'.#.G@..#.# #
..#..z......#
..#..#...#..#
#....#....#
#.........#
###########


You could see a yaktaur captain, a great orb of eyes, 2 skeletal warriors and a
yaktaur.

Vanquished Creatures
  the Lernaean hydra (Swamp:4)
  Rupert (D:15)
  Kirke (D:13)
  2 thorn hunters (Swamp:3)
  Roxanne (Swamp:1)
  7 nagarajas
  A frost giant (IceCv)
  A revenant (Vaults:2)
  5 vault wardens
  Louise (D:14)
  An orc warlord (Orc:2)
  A very ugly thing (Vaults:1)
  The ghost of Vogy the Severer, a journeyman DDFi of Makhleb (Swamp:2)
  4 ironheart preservers
  2 stone giants (Vaults:2)
  A dire elephant (Lair:6)
  Snorg (D:14)
  Josephine (D:14)
  An ettin (D:15)
  3 great orbs of eyes (Vaults:1)
  A jiangshi (Vaults:2)
  3 vault guards
  3 yaktaur captains (Vaults:1)
  14 naga warriors
  Fannar (D:12)
  5 centaur warriors
  2 catoblepae
  An ice dragon (Vaults:1)
  2 ghost crabs (Swamp:3)
  22 hydras
  A hell beast (Lair:6)
  A shambling mangrove (Swamp:1)
  11 anacondas
  10 alligators
  8 death yaks
  5 ogre magi
  A death knight (D:13)
  15 two-headed ogres
  4 tengu warriors
  An orc high priest (Orc:2)
  Urug (Orc:2)
  8 naga sharpshooters (Snake:4)
  2 deep elf knights
  Nergalle (Orc:2)
  6 shock serpents
  3 salamander mystics
  2 spriggan druids (Swamp:3)
  2 shadow wraiths
  An unseen horror (shapeshifter) (D:15)
  7 skeletal warriors
  4 deep elf archers
  22 sea snakes
  A glowing orange brain (Vaults:1)
  2 unseen horrors (D:14)
  A flayed ghost (Vaults:1)
  13 swamp dragons
  A wizard (Lair:6)
  2 naga ritualists (Snake:4)
  Pikel (D:7)
  3 orc knights
  A phantasmal warrior (D:13)
  2 ironbrand convokers
  2 necromancers
  18 ugly things
  7 mana vipers
  5 orc sorcerers
  A manticore (D:14)
  5 deep elf magi
  11 salamanders
  A frost giant zombie (Vaults:1)
  6 cyclopes
  A tengu skeleton (Vaults:1)
  5 elephants
  4 centaur zombies
  7 guardian serpents
  A fire giant skeleton (Vaults:1)
  19 black mambas
  An orange demon (Lair:6)
  3 gargoyles
  4 vault sentinels
  13 naga magi
  An ice statue (IceCv)
  A torpor snail (Lair:5)
  22 spiny frogs
  2 kobold demonologists (D:12)
  5 rime drakes
  7 komodo dragons
  8 yaktaurs
  3 freezing wraiths
  4 ice devils (Lair:6)
  3 tengu conjurers
  6 trolls
  A hellwing (Lair:6)
  A human skeleton (Vaults:1)
  Grinder (D:5)
  14 polar bears
  9 blink frogs
  10 hornets
  A hydra zombie (Swamp:2)
  22 slime creatures
  A hippogriff (shapeshifter) (Vaults:1)
  9 tyrant leeches
  2 bog bodies (Swamp:2)
  12 dream sheep
  7 hippogriffs
  An alligator zombie (Swamp:2)
  A human simulacrum (Vaults:1)
  A spriggan (shapeshifter) (D:14)
  A tarantella (shapeshifter) (Vaults:2)
  19 spriggans
  A tyrant leech zombie (Swamp:2)
  A water elemental (D:12)
  58 yaks
  2 basilisks
  6 wraiths
  2 wyverns
  A fire bat (Volcano)
  4 hogs
  A yak (shapeshifter) (Vaults:1)
  5 vampire mosquitoes (Swamp:4)
  3 hungry ghosts
  47 nagas
  3 wargs
  2 acid dragons
  20 swamp worms
  An acid dragon (shapeshifter) (D:14)
  9 insubstantial wisps (Swamp:1)
  20 water moccasins
  6 hell hounds
  13 porcupines
  A slave (D:7)
  12 ice beasts
  3 black bears
  A hornet zombie (D:15)
  38 orc warriors
  3 phantoms
  14 swamp drakes
  2 sky beasts
  20 ogres
  24 wolves
  A necrophage (D:6)
  4 boggarts
  14 centaurs
  17 crocodiles
  7 big kobolds
  27 bullfrogs
  A yaktaur skeleton (Vaults:1)
  A wyvern zombie (D:8)
  7 scorpions
  8 killer bees
  20 wights
  3 howler monkeys
  10 electric eels
  6 crimson imps
  3 bullfrog zombies
  5 jellies
  7 hounds
  26 orc priests
  3 bullfrog skeletons
  6 centaur skeletons
  26 orc wizards
  Jessica (D:3)
  6 iguanas
  15 worker ants
  A howler monkey zombie (D:5)
  2 worker ant zombies (D:7)
  3 gnolls
  15 adders
  A swamp drake zombie (Swamp:2)
  2 shadow imps
  2 white imps (D:8)
  A howler monkey simulacrum (D:8)
  2 oozes
  An adder zombie (D:9)
  4 worms
  3 dart slugs
  11 leopard geckos
  82 orcs
  2 ball pythons
  7 bats
  14 giant cockroaches
  15 goblins
  8 hobgoblins
  17 jackals
  7 quokkas
  4 frilled lizards
  A jackal zombie (D:6)
  25 kobolds
  A quokka skeleton (D:9)
  8 rats
  12 briar patches (Swamp:3)
  3 fungi
  12 plants
1336 creatures vanquished.

Vanquished Creatures (collateral kills)
  A yaktaur captain (Vaults:2)
  A death knight (Vaults:2)
  A vampire mage (Vaults:2)
  A naga sharpshooter (Snake:4)
  A skeletal warrior (Vaults:2)
  3 nagas (Snake:3)
8 creatures vanquished.

Vanquished Creatures (others)
  A vault warden (Vaults:2)
  2 hydras (Swamp:4)
  2 sea snakes (Snake:4)
  A cyclops (Vaults:1)
  2 naga magi
  A spiny frog (Lair:2)
  2 komodo dragons
  A hornet (Swamp:1)
  A bog body (Swamp:2)
  A slime creature (Vaults:2)
  A tyrant leech zombie (Swamp:2)
  A yak (Lair:3)
  A swamp worm (Swamp:1)
  4 nagas
  A slave (D:7)
  An ogre (Vaults:1)
  A centaur (D:11)
  An iguana (D:9)
  2 orc wizards
  An orc (Orc:1)
  A kobold (D:11)
  5 briar patches (Swamp:3)
  11 fungi
  18 plants
63 creatures vanquished.

Grand Total: 1407 creatures vanquished

Levels and vault maps discovered:
D:1:      minmay_arrival_widening_spiral_narrow, layout_loops_ring,
          serial_bayou_lake_a
D:2:      layout_basic, grunt_temple_overflow_forces_of_nature,
          chequers_ecumenical_altar_simple_redux
D:3:      layout_loops_ring, gup_sewer_entry_glass, guppyfry_early_orc_mine,
          uniq_jessica
D:4:      layout_layer_cave, riverfiend_overflow_shadow_ancestor,
          grunt_decor_arrowhead, lemuel_altar_in_water
D:5:      layout_layer_cave, nicolae_ru_the_path_less_chosen, first_ration,
          uniq_grinder
D:6:      layout_basic, grunt_temple_overflow_open
D:7:      layout_layer_cave, minmay_temple_entry_statues_fountains, uniq_pikel
D:8:      layout_cave_pools, due_lair_maze_entry_diamond, serial_ice,
          serial_ice_g, serial_ice_e, serial_ice_l, serial_ice_b, serial_shops,
          shop_statue, nicolae_shop_behind_doors
D:9:      lemuel_insect_pit, layout_basic, overflow_temple_1_default,
          david_orc_2
D:10:     layout_long_grid, hangedman_ranch [blue_anna_fruit_fields],
          minivault_16
D:11:     layout_basic, serial_shops, shop
D:12:     layout_stronghold, serial_bayou, serial_bayou_lagoon_a,
          serial_bayou_shore_b, serial_bayou_pond_c, serial_bayou_lagoon_b,
          serial_bayou_shore_b, portal_ice_cave_entry_ice_beasts, uniq_fannar
D:13:     layout_cave_pools, feat_on_display, uniq_kirke
D:14:     layout_loops_corners, david_vaults_5, kennysheep_another_room,
          serial_shops, shop_fountains, kennysheep_generic_room_8,
          uniq_josephine, uniq_louise, uniq_snorg
D:15:     hangedman_depths_entry_civil_slaughter, layout_rooms,
          serial_bayou_shore_b, nicolae_dithmenos_shadow_blocks, uniq_rupert
Lair:1:   layout_misc_corridors, beast_lair_carwin_11
Lair:2:   kb_forest_paths, layout_chaotic_city, enter_volcano_3
Lair:3:   layout_cave_shapes, swamp_mist, minmay_snake_entry_guardpost_small
Lair:4:   layout_gridlike
Lair:5:   layout_hall_layers, slime_altar_1, minmay_lair_drake_nest,
          grunt_megastairs_1
Lair:6:   evil_forest, layout_cave_shapes, serial_forest,
          infiniplex_forest_clump_small, infiniplex_forest_clump_diagonal,
          infiniplex_forest_lined_corner, infiniplex_forest_clump_tiny
Swamp:1:  layout_basic_swamp, evilmike_swamp_ruin_house_1, uniq_roxanne
Swamp:2:  layout_falls_marsh, ebering_ghost_reflecting_pool,
          evilmike_swamp_ruin_rubble_1, swamp_pool4,
          nicolae_swamp_necromancer_hut
Swamp:3:  layout_basic_swamp, evilmike_swamp_ruin_house_6
Swamp:4:  swamp_old_school, layout_basic_swamp, swamp_pool5,
          nicolae_swamp_fairy_circle
Snake:1:  layout_grid_shapes, lemuel_fruit_tree
Snake:2:  layout_cave_shapes, gammafunk_ghost_arena, abandoned_shop,
          serial_bayou_ford_a
Snake:3:  layout_gridlike, serial_shops, shop, st_stairs_6, minmay_shop_star
Snake:4:  grunt_snake_rune_pools, layout_basic
Orc:1:    layout_diamond_mine, serial_shops,
          nicolae_shop_competitors_out_of_business,
          nicolae_orc_flooded_monolith, david_defended_altar_orc
Orc:2:    grunt_orc_cross, layout_diamond_mine, serial_shops, nicolae_shop_stone
Vaults:1: v_misc_12, nicolae_vaults_know_your_exits,
          nicolae_vaults_sealed_display, v_alt_pattern_3, v_misc_10, v_misc_25,
          v_misc_19, nicolae_vaults_three_branches, vaults_mumra_hexcomb,
          ontoclasm_vaults_pinch, vaults_room_corners, layout_vaults_omnicross
Vaults:2: nicolae_vaults_big_ls, nicolae_vaults_network_s,
          grunt_vaults_hallway_short, minmay_crypt_entry_simple_plaza,
          nicolae_vaults_ring_of_whatevers, hangedman_vaults_river_flow,
          ontoclasm_vaults_fault, vaults_dpeg_ring, grunt_vaults_swirl,
          hangedman_vaults_variations, v_misc_10, nicolae_vaults_rhombus_7,
          layout_vaults_omnibox


Message History

The great orb of eyes is stunned by your will and fails to attack.
Your mature fireweird beast hits the great orb of eyes but does no damage.
The skeletal warrior hits you from afar with a +0 halberd!
* * * LOW HITPOINT WARNING * * *
The great orb of eyes gazes at you. You resist with almost no effort.
Your mature fireweird beast hits the great orb of eyes.
Your mature fireweird beast disappears in a puff of smoke!
The skeletal warrior hits you from afar with a +0 halberd.
* * * LOW HITPOINT WARNING * * *
The great orb of eyes bites you but does no damage.
The skeletal warrior hits you from afar with a +0 halberd.
* * * LOW HITPOINT WARNING * * *
The yaktaur captain shoots a bolt.
The bolt hits you!
* * * LOW HITPOINT WARNING * * *
The great orb of eyes bites you but does no damage.
A skeletal warrior comes into view. It is wielding a +0 war axe.
The great orb of eyes begins to attack, but is stunned by your will!
The skeletal warrior hits you from afar with a +0 halberd!
You die...

Notes
Turn   | Place    | Note
-------+----------+-------------------------------------------
     0 | D:1      | bmfx the Halfling Necromancer began the quest for the Orb.
     0 | D:1      | Reached XP level 1. HP: 11/11 MP: 3/3
   574 | D:1      | Reached XP level 2. HP: 17/17 MP: 2/4
   972 | D:1      | Reached skill level 1 in Short Blades
  1165 | D:1      | Reached XP level 3. HP: 20/21 MP: 3/5
  1337 | D:1      | Reached skill level 3 in Stealth
  1698 | D:1      | Learned a level 3 spell: Vampiric Draining
  2651 | D:1      | Reached XP level 4. HP: 26/27 MP: 4/6
  2794 | D:2      | Found a blossoming altar of Fedhas.
  2898 | D:2      | Found a stormy altar of Qazlal.
  3216 | D:2      | Reached skill level 1 in Slings
  3734 | D:2      | Found a faded altar of an unknown god.
  4003 | D:3      | Noticed Jessica
  4010 | D:2      | Reached XP level 5. HP: 25/31 MP: 7/7
  4216 | D:3      | Killed Jessica
  4216 | D:3      | Reached skill level 4 in Stealth
  5304 | D:3      | Reached XP level 6. HP: 33/36 MP: 8/8
  6034 | D:4      | Noticed an ogre
  6698 | D:4      | Found an ornate altar of the Wu Jian Council.
  6905 | D:3      | Reached skill level 1 in Fighting
  7495 | D:4      | Learned a level 1 spell: Animate Skeleton
  7791 | D:5      | Entered Level 5 of the Dungeon
  8001 | D:5      | Reached XP level 7. HP: 45/45 MP: 9/9
  8167 | D:5      | Noticed Grinder
  8980 | D:5      | Found a sacrificial altar of Ru.
  8985 | D:5      | Became a worshipper of Ru the Awakened
  9232 | D:4      | Noticed a shadow
  9233 | D:4      | Found a shadowy altar of Dithmenos.
  9234 | D:4      | Found a hazy altar of Hepliaklqana.
  9587 | D:2      | Found a faded altar of an unknown god.
  9826 | D:2      | Found a blossoming altar of Fedhas.
  9828 | D:2      | Found a stormy altar of Qazlal.
  9949 | D:2      | Reached skill level 1 in Evocations
 10065 | D:5      | Paralysed by Grinder for 5 turns
 10078 | D:5      | Killed Grinder
 10078 | D:5      | Reached XP level 8. HP: 50/54 MP: 10/10
 10454 | D:5      | Reached skill level 5 in Stealth
 10737 | D:6      | Reached skill level 5 in Evocations
 10880 | D:6      | Reached skill level 6 in Stealth
 10920 | D:6      | Reached XP level 9. HP: 58/58 MP: 13/13
 11124 | D:6      | Found a radiant altar of Vehumet.
 11183 | D:6      | Found a basalt altar of Yredelemnul.
 11184 | D:6      | Found a hide-covered altar of Uskayaw.
 11184 | D:6      | Found a white marble altar of Elyvilon.
 11184 | D:6      | Found a sparkling altar of Nemelex Xobeh.
 11184 | D:6      | Found an ornate altar of the Wu Jian Council.
 11185 | D:6      | Found a shattered altar of Ashenzari.
 11217 | D:6      | Reached skill level 5 in Slings
 11562 | D:7      | Gained mutation: You are somewhat inexperienced. (-2 XL)
                  | [Ru sacrifice]
 11562 | D:7      | Reached XP level 8. HP: 54/54 MP: 12/12
 11562 | D:7      | Reached XP level 7. HP: 47/47 MP: 11/11
 11562 | D:7      | Reached * piety under Ru
 11562 | D:7      | Reached ** piety under Ru
 11939 | D:7      | Reached XP level 8. HP: 54/54 MP: 12/12
 12063 | D:7      | Reached skill level 5 in Dodging
 12491 | D:7      | Noticed a hippogriff
 12544 | D:7      | Killed a hippogriff
 12550 | D:7      | Reached skill level 5 in Fighting
 12550 | D:7      | Reached XP level 9. HP: 58/61 MP: 4/13
 12802 | D:7      | Noticed Pikel
 13120 | D:7      | Reached skill level 5 in Necromancy
 13297 | D:8      | Noticed a two-headed ogre
 14335 | D:7      | Killed Pikel
 14335 | D:7      | Reached XP level 10. HP: 59/68 MP: 12/14
 14479 | D:7      | Found a staircase to the Ecumenical Temple.
 15791 | D:8      | Found a staircase to the Lair.
 15943 | D:8      | Found Lety's Antique Weapon Shop.
 15965 | D:8      | Bought a transparent short sword for 288 gold pieces
 15965 | D:8      | Identified the +5 short sword of Turmoil {elec, +Blink +Inv
                  | Str-4 SInv} (You bought it in a shop on level 8 of the
                  | Dungeon)
 16222 | D:8      | Killed a two-headed ogre
 16222 | D:8      | Reached skill level 7 in Stealth
 16222 | D:8      | Reached XP level 11. HP: 75/75 MP: 13/16
 16336 | D:8      | Found Upaokaon's General Store.
 16339 | D:8      | Bought a wand of paralysis (10) for 156 gold pieces
 16339 | D:8      | Bought 6 poisoned darts for 31 gold pieces
 16657 | D:9      | Found a staircase to the Orcish Mines.
 16831 | D:9      | Reached skill level 5 in Short Blades
 16846 | D:9      | Found a glowing silver altar of Zin.
 16987 | D:9      | Found a runed translucent door.
 16990 | D:9      | Found a runed translucent door.
 17185 | D:9      | Reached skill level 8 in Stealth
 17528 | D:9      | Noticed a two-headed ogre
 17538 | D:9      | Killed a two-headed ogre
 17539 | D:9      | Noticed a two-headed ogre
 17545 | D:9      | Killed a two-headed ogre
 17545 | D:9      | Reached skill level 9 in Stealth
 17886 | D:10     | Entered Level 10 of the Dungeon
 18133 | D:10     | Learned a level 1 spell: Apportation
 18209 | D:10     | Reached skill level 10 in Stealth
 19061 | D:11     | Noticed a cyclops
 19369 | D:11     | Reached XP level 12. HP: 74/81 MP: 12/17
 19854 | D:11     | You fall into a shaft and drop 3 floors!
 19940 | D:11     | You fall into a shaft and drop 1 floor!
 19944 | D:12     | Noticed Fannar
 20028 | D:12     | Killed Fannar
 20052 | D:12     | Found a frozen archway.
 20235 | IceCv    | Entered an ice cave
 20254 | IceCv    | Upgraded the game from 0.25-a0-860-gf695395b5c to
                  | 0.25-a0-861-g340c9e8194
 21322 | IceCv    | Reached skill level 10 in Fighting
 21403 | IceCv    | Noticed a death yak
 21627 | IceCv    | Noticed a death yak
 21638 | IceCv    | Killed a death yak
 21638 | IceCv    | Reached XP level 13. HP: 91/92 MP: 16/18
 21643 | IceCv    | Gained mutation: You occasionally shout uncontrollably at
                  | your foes. [Ru sacrifice]
 22152 | IceCv    | Noticed a frost giant
 22177 | IceCv    | Killed a frost giant
 22177 | IceCv    | Reached skill level 10 in Short Blades
 22177 | IceCv    | Reached skill level 10 in Dodging
 22738 | IceCv    | Got a twitching pewter ring
 22763 | IceCv    | Identified the ring of Mytinon {Ice MR+} (You found it in
                  | an ice cave)
 24956 | D:13     | Noticed a four-headed hydra
 25198 | D:13     | Noticed a centaur warrior
 25208 | D:13     | Killed a centaur warrior
 25326 | D:13     | Reached skill level 11 in Stealth
 25341 | D:13     | Noticed Kirke
 25794 | D:13     | Reached skill level 1 in Shields
 25820 | D:13     | Reached XP level 14. HP: 99/99 MP: 20/20
 25870 | D:14     | Noticed Josephine
 25919 | D:14     | Gained mutation: You are somewhat unskilled. (-1 Apt) [Ru
                  | sacrifice]
 25919 | D:14     | Reduced skill Dodging to level 10
 25919 | D:14     | Reduced skill Stealth to level 10
 25919 | D:14     | Reduced skill Shields to level 1
 25919 | D:14     | Reduced skill Necromancy to level 5
 25919 | D:14     | Reached *** piety under Ru
 25919 | D:14     | Reached **** piety under Ru
 26045 | D:14     | Killed Josephine
 26328 | D:14     | Noticed Snorg
 26336 | D:14     | Killed Snorg
 26358 | D:14     | Noticed Louise
 26415 | D:14     | Reached skill level 11 in Stealth
 26771 | D:14     | Found Vym Wod's Distillery.
 26776 | D:14     | Bought a potion of mutation for 112 gold pieces
 26776 | D:14     | Bought a potion of lignification for 42 gold pieces
 26776 | D:14     | Bought a potion of flight for 42 gold pieces
 26776 | D:14     | Bought a potion of might for 56 gold pieces
 26776 | D:14     | Bought a potion of curing for 42 gold pieces
 26868 | D:14     | Reached skill level 10 in Short Blades
 27283 | D:14     | Found a gate to the Vaults.
 27466 | D:15     | Entered Level 15 of the Dungeon
 27954 | D:15     | Found a shadowy altar of Dithmenos.
 28095 | D:15     | Noticed Rupert
 28306 | D:15     | Found a staircase to the Depths.
 28311 | D:15     | Reached skill level 5 in Shields
 29009 | Lair:1   | Entered Level 1 of the Lair of Beasts
 29053 | Lair:1   | Gained mutation: You are frail. (-10% HP) [Ru sacrifice]
 29053 | Lair:1   | Reached ***** piety under Ru
 29085 | Lair:1   | Reached skill level 12 in Stealth
 29888 | Lair:2   | Found a dark tunnel.
 29901 | Volcano  | Entered a volcano
 30186 | Lair:2   | Reached XP level 15. HP: 80/91 MP: 18/22
 30428 | Lair:2   | Reached skill level 10 in Evocations
 31250 | Lair:3   | Found a staircase to the Snake Pit.
 31516 | Lair:3   | Found a staircase to the Swamp.
 33185 | Lair:5   | Found a staircase to the Slime Pits.
 33419 | Lair:5   | Found a viscous altar of Jiyva.
 33472 | Lair:5   | Reached skill level 10 in Shields
 34022 | Lair:6   | Entered Level 6 of the Lair of Beasts
 34851 | Lair:6   | Reached XP level 16. HP: 97/97 MP: 23/23
 35437 | Lair:6   | Found a burning altar of Makhleb.
 35443 | Lair:6   | Found a gateway to Hell.
 36287 | D:13     | Reached skill level 13 in Stealth
 36638 | D:13     | Killed Kirke
 37361 | Orc:1    | Entered Level 1 of the Orcish Mines
 37361 | Orc:1    | Found Sitt's Gadget Boutique.
 37412 | Orc:1    | Bought a wand of iceblast (14) for 234 gold pieces
 37513 | Orc:2    | Entered Level 2 of the Orcish Mines
 37523 | Orc:2    | Found Ummo's Food Shop.
 37669 | Orc:1    | Found a bloodstained altar of Trog.
 38594 | Orc:2    | Reached skill level 14 in Stealth
 38694 | Orc:2    | Noticed Urug
 38820 | Orc:2    | Found a roughly hewn altar of Beogh.
 38828 | Orc:2    | Noticed Nergalle
 38829 | Orc:2    | Killed Nergalle
 38829 | Orc:2    | Killed Urug
 38830 | Orc:2    | Found Ukaugh's Book Emporium.
 38834 | Orc:2    | Found Ifoh Vue's General Store.
 38836 | Orc:2    | Found Baac's Antique Armour Emporium.
 38907 | Orc:2    | Found Wochulai's Antique Weapon Emporium.
 38925 | Orc:2    | Bought a runed cloak for 262 gold pieces
 38987 | Orc:2    | Bought a runed hunting sling for 117 gold pieces
 39147 | Orc:2    | Found a staircase to the Elven Halls.
 39466 | Swamp:1  | Entered Level 1 of the Swamp
 40234 | Swamp:1  | Reached skill level 15 in Stealth
 40236 | Swamp:1  | Reached XP level 17. HP: 76/101 MP: 24/24
 41514 | Swamp:1  | Noticed Roxanne
 41680 | Swamp:1  | Reached skill level 10 in Fighting
 41947 | Swamp:1  | Killed Roxanne
 43121 | Swamp:2  | Found a runed translucent door.
 43623 | Swamp:2  | Noticed Vogy's ghost (journeyman DDFi)
 43923 | Swamp:2  | Found the +5 scythe "Finisher" {speed, eviscerate}
 43933 | Swamp:2  | Killed Vogy's ghost
 44071 | Swamp:3  | Reached skill level 1 in Translocations
 44377 | Swamp:3  | Noticed a thorn hunter
 44381 | Swamp:3  | Noticed a thorn hunter
 44383 | Swamp:3  | Killed a thorn hunter
 44536 | Swamp:3  | Killed a thorn hunter
 45216 | Swamp:4  | Entered Level 4 of the Swamp
 45823 | Swamp:4  | Reached skill level 5 in Translocations
 45963 | Swamp:4  | Reached XP level 18. HP: 113/113 MP: 22/25
 46808 | Swamp:4  | Noticed the 27-headed Lernaean hydra
 46820 | Swamp:4  | Killed the 27-headed Lernaean hydra
 47224 | Swamp:4  | Reached skill level 16 in Stealth
 47227 | Swamp:4  | Got a decaying rune of Zot
 47635 | D:14     | Killed Louise
 47822 | D:15     | Killed Rupert
 48178 | Snake:1  | Entered Level 1 of the Snake Pit
 49119 | Snake:1  | Learned a level 6 spell: Invisibility
 49409 | Snake:2  | Found a transporter.
 49453 | Snake:2  | Noticed Venturno's ghost (adept DEWz)
 49476 | Snake:2  | Reached skill level 1 in Hexes
 49508 | Snake:2  | Found a transporter.
 49722 | Snake:2  | Gained mutation: Your magical capacity is low. (-10% MP)
                  | [Ru sacrifice]
 49722 | Snake:2  | Reached ****** piety under Ru
 49884 | Snake:2  | Got an ancient ruby amulet
 49885 | Snake:2  | Identified the amulet "Biarujed" {+Blink Regen+ Int+6} (You
                  | found it on level 2 of the Snake Pit)
 51514 | Snake:3  | Found Byiwnom's Food Shoppe.
 52835 | Snake:3  | Found Fudobre's Distillery.
 52837 | Snake:3  | Found Izukimm's Distillery.
 52839 | Snake:3  | Found Ressuosk's Magic Scroll Shoppe.
 52844 | Snake:3  | Bought a potion of heal wounds for 70 gold pieces
 52844 | Snake:3  | Bought a potion of curing for 42 gold pieces
 52844 | Snake:3  | Bought 2 potions of haste for 280 gold pieces
 52846 | Snake:3  | Bought a potion of heal wounds for 95 gold pieces
 52846 | Snake:3  | Bought a potion of might for 76 gold pieces
 52848 | Snake:3  | Bought a scroll of blinking for 105 gold pieces
 53029 | Snake:4  | Entered Level 4 of the Snake Pit
 53065 | Snake:4  | Reached XP level 19. HP: 115/117 MP: 21/23
 53822 | Snake:4  | Reached skill level 5 in Spellcasting
 54199 | Snake:4  | Reached skill level 5 in Hexes
 55716 | Snake:4  | Reached skill level 10 in Slings
 56564 | Snake:4  | Got a serpentine rune of Zot
 56917 | Vaults:1 | Entered Level 1 of the Vaults
 57479 | Vaults:1 | Reached XP level 20. HP: 99/123 MP: 21/26
 59478 | Vaults:1 | Learned a level 5 spell: Silence
 60632 | Vaults:2 | Paralysed by a great orb of eyes for 7 turns
 60638 | Vaults:2 | HP: 5/123 [yaktaur captain/bolt (15)]
 60639 | Vaults:2 | Mangled by a skeletal warrior
